 Dungeon Crawl Stone Soup version 0.29-a0-872-g797fff5ad1 (webtiles) character file.

Game seed: 17915649244422229515

0 27snakeeyes612 the Sneak (level 1, -1/22 HPs)
             Began as a Troll Delver on July 19, 2022.
             Slain by an ufetubus (4 damage)
             ... on level 5 of the Dungeon.
             The game lasted 00:00:54 (142 turns).

27snakeeyes612 the Sneak (Troll Delver)              Turns: 142, Time: 00:00:55

Health: -1/22      AC:  4    Str: 19    XL:     1   Next: 0%
Magic:  0/0        EV:  9    Int:  6    God:
Gold:   0          SH:  0    Dex: 11    Spells: 0/0 levels left

rFire   . . .      SeeInvis .   a - +0 mace
rCold   . . .      Faith    .   (no shield)
rNeg    . . .      Spirit   .   b - +0 robe
rPois   .          Reflect  .   (helmet restricted)
rElec   .          Harm     .   (no cloak)
rCorr   .          Rampage  .   (gloves unavailable)
Will    .....                   (boots unavailable)
Stlth   ++........              (no amulet)
HPRegen 0.87/turn               (no ring)
MPRegen 0.07/turn               (no ring)

@: no status effects
A: large, unfitting armour, claws 3, regeneration 1, shaggy fur 1, tough skin 1
a: no special abilities


You were on level 5 of the Dungeon.
You visited 1 branch of the dungeon, and saw 1 of its levels.

Inventory:

Hand Weapons
 a - a +0 mace (weapon)
Armour
 b - a +0 robe (worn)
Wands
 g - a wand of digging (3)
Scrolls
 c - a scroll of fog
 d - a scroll of magic mapping
 e - a scroll of fear
Potions
 f - a potion of haste


   Skills:
 + Level 2.4 Fighting
 + Level 1.7 Maces & Flails
 + Level 1.5 Dodging
 + Level 2.7 Stealth


You couldn't memorise any spells.
You didn't know any spells.
Your spell library was empty.

Dungeon Overview and Level Annotations

Branches:
Dungeon (5/15)
 Temple: D:4-7

Altars:

Annotations:
D:5 Menkaure


Innate Abilities, Weirdness & Mutations

You are too large for most types of armour.
You have claws for hands.
Your natural rate of healing is unusually fast.
You are covered in fur. (AC +1)
You have tough skin. (AC +1)


Message History

The jackal barely misses you.
You open the door.
The ufetubus hits you but does no damage. x2
The white imp summons a swarm of flies.
The jackal bites you but does no damage.
The ufetubus closely misses you. The ufetubus hits you.
The ufetubus attacks as you move away!
The ufetubus hits you but does no damage.
The ufetubus hits you. The jackal attacks as you move away!
The jackal closely misses you.
There is an open door here.
The ufetubus attacks as you move away! The ufetubus hits you.
The ufetubus barely misses you. x2; The ufetubus hits you.
The ufetubus closely misses you. The ufetubus hits you.
The jackal attacks as you move away!
The jackal bites you but does no damage.
The ufetubus attacks as you move away! The ufetubus barely misses you.
The ufetubus hits you but does no damage.
The ufetubus hits you but does no damage. x2
The jackal attacks as you move away! The jackal closely misses you. x2
The jackal attacks as you move away! The jackal barely misses you.
The ufetubus attacks as you move away! The ufetubus hits you.
The ufetubus barely misses you. The ufetubus hits you.
The ufetubus barely misses you. The ufetubus attacks as you move away!
The ufetubus hits you.
The ufetubus hits you but does no damage.
The jackal attacks as you move away! The jackal barely misses you.
The jackal bites you. The jackal attacks as you move away!
The jackal closely misses you. The ufetubus attacks as you move away!
The ufetubus closely misses you.
The ufetubus hits you but does no damage.
The ufetubus barely misses you. The ufetubus hits you.
* * * LOW HITPOINT WARNING * * *
The ufetubus hits you.
* * * LOW HITPOINT WARNING * * *
The ufetubus hits you but does no damage.
The ufetubus attacks as you move away! The ufetubus hits you.
* * * LOW HITPOINT WARNING * * *
The ufetubus hits you.
You die...

.....................
.......................
######
..........5...........
#.....
#######...##..###....#
#..... #..5#######....##.
##..... .
#........#........ #......
#5.......#........ #......
#g...$...#........ #......
#.......##@....# ##'##..
#'########5h...##. #.##..
#..5....##..............#..
#......g.g..........M...#..
#.......................#..
#.......................#..
##########..............#..
#.....##....####.#
#.....##..(.####.#


You could see a gnoll, an ufetubus and a jackal.

Vanquished Creatures (others)
  2 demonic plants (D:5)
2 creatures vanquished.

Notes
Turn   | Place    | Note
-------+----------+-------------------------------------------
     0 | D:5      | 27snakeeyes612 the Troll Delver began the quest for the
                  | Orb.
     0 | D:5      | Reached XP level 1. HP: 22/22 MP: 0/0
    77 | D:5      | Noticed Menkaure
   110 | D:5      | Noticed an iguana
   142 | D:5      | Slain by an ufetubus

Illustrated notes

Levels and vault maps discovered:
D:5:      layout_gridville, serial_demonic, serial_demonic_d, serial_demonic_b,
          serial_demonic_b, serial_demonic_c, uniq_menkaure

Action                   || total
-------------------------++-------
Melee: Mace              ||     2
Armor: Robe              ||    14
Dodge: Dodged            ||    18

Table legend: (Time is in decaauts)
 A = Elapsed time spent in this place.
 B = Non-inter-level travel time spent in this place.
 C = Inter-level travel time spent in this place.
 D = Time resting spent in this place.
 E = Time spent auto-exploring this place.
 F = Levels seen in this place.
 G = Mean time per level.
                   A        B        C        D        E       F      G
               +--------+--------+--------+--------+--------+-----+--------+
         Total |    142 |    142 |      0 |      0 |      0 |   1 |  142.0 |
       Dungeon |    142 |    142 |      0 |      0 |      0 |   1 |  142.0 |
               +--------+--------+--------+--------+--------+-----+--------+

Top non-repeatable levels by time:
     D:5: 142 daAuts
